 Dungeon Crawl Stone Soup version 0.30-a0-385-gfebfb9b408 (webtiles) character file.

Game seed: 17977583855699331350

56 leviel the Chopper (level 3, 0/33 HPs)
             Began as a Hill Orc Fighter on Dec 2, 2022.
             Slain by Grinder (9 damage)
             ... on level 3 of the Dungeon.
             The game lasted 00:02:20 (1809 turns).

leviel the Chopper (Hill Orc Fighter)               Turns: 1809, Time: 00:02:21

Health: 0/33       AC:  6    Str: 20    XL:     3   Next: 97%
Magic:  3/3        EV:  9    Int:  8    God:
Gold:   116        SH:  0    Dex: 10    Spells: 2/2 levels left

rFire   + . .      SeeInvis .    i - +0 battleaxe (flame)
rCold   . . .      Faith    .    (shield currently unavailable)
rNeg    . . .      Spirit   .    b - +0 scale mail
rPois   .          Reflect  .    (no helmet)
rElec   .          Harm     .    (no cloak)
rCorr   .          Rampage  .    (no gloves)
Will    .....                    (no boots)
Stlth   ..........               (no amulet)
HPRegen 0.25/turn                g - ring of protection from fire
MPRegen 0.08/turn                (no ring)

@: mighty
A: no striking features
a: no special abilities


You were on level 3 of the Dungeon.
You visited 1 branch of the dungeon, and saw 3 of its levels.

You collected 116 gold pieces.

Inventory:

Hand Weapons
 i - a +0 battleaxe of flaming (weapon)
Armour
 b - a +0 scale mail (worn)
Jewellery
 g - a ring of protection from fire (left hand)
Scrolls
 h - 2 scrolls of teleportation
 l - a scroll of noise {unknown}
 n - a scroll of vulnerability {unknown}
Potions
 a - a potion of lignification {unknown}
 c - a potion of brilliance {unknown}
 e - a potion of mutation {unknown}
 f - a potion of flight {unknown}
 j - a potion of curing {unknown}
 k - a potion of resistance {unknown}
 m - a potion of degeneration {unknown}


   Skills:
 + Level 4.3 Fighting
 + Level 4.4 Axes
 - Level 3.3 Armour
 + Level 0.7 Dodging
 - Level 3.3 Shields


You had 2 spell levels left.
You didn't know any spells.
Your spell library contained the following spells:

 Spells                   Type           Power      Damage    Failure   Level
 Sublimation of Blood     Necr           0%         N/A       88%         2
 Petrify                  Tmut/Erth      0%         N/A       100%        4
 Irradiate                Conj/Tmut      0%         3d11      100%        5


Dungeon Overview and Level Annotations

Branches:
Dungeon (3/15)

Altars:

Annotations:
D:3 Grinder


Message History

No target in view!
There is a stone staircase leading down here.
There is a stone staircase leading down here.
Key pressed, stopping explore.
There is a stone staircase leading down here.
Done exploring.
Done exploring.
Done exploring.
(D) Dungeon
Where to? (Enter - D:2, ? - help)
There is a stone staircase leading down here.
You climb downwards.
There is a stone staircase leading up here.
Found a stone staircase leading up and two stone staircases leading down.
Found 5 stones.
You now have 116 gold pieces (gained 19).
n - a scroll labelled HOIDYO BUSK No target in view!
Found 5 stones.
Found a dagger.
You pick up a book of Alchemy and begin reading...
You add the spells Sublimation of Blood, Petrify and Irradiate to your library.
Found a stone staircase leading up.
There is a stone staircase leading up here.
Grinder comes into view.
Grinder shouts!
Grinder gestures at you. Pain shoots through your body!
Grinder is nearby!
You are too injured to fight recklessly!
You feel very mighty all of a sudden. Grinder hits you.
You writhe in agony.
You slash Grinder! You burn Grinder!
Grinder is heavily wounded.
Grinder hits you!
You writhe in agony.
* * * LOW HITPOINT WARNING * * *
You barely miss Grinder.
Grinder is heavily wounded.
Grinder hits you!
You die...

# # .#. #.# #.#
#.# #####5#
##...#@#
#......#
###....###
##.#.#.##
##.#..#.#
##.###.#.# #<##
##...
#######.###.#.#
###
.........#..#.##
##.##


You could see Grinder.

Vanquished Creatures
  An adder (D:2)
  A worm (D:2)
  A dart slug (D:1)
  3 endoplasms
  3 giant cockroaches
  12 hobgoblins
  A quokka (D:1)
  5 ball pythons
  3 bats
  4 frilled lizards
  A kobold (D:1)
  5 rats
40 creatures vanquished.

Vanquished Creatures (others)
  A plant (D:2)
1 creature vanquished.

Grand Total: 41 creatures vanquished

Notes
Turn   | Place    | Note
-------+----------+-------------------------------------------
     0 | D:1      | leviel the Hill Orc Fighter began the quest for the Orb.
     0 | D:1      | Reached XP level 1. HP: 19/19 MP: 1/1
    64 | D:1      | Reached XP level 2. HP: 27/27 MP: 2/2
   507 | D:1      | Reached XP level 3. HP: 33/33 MP: 3/3
  1126 | D:2      | Found a faded altar of an unknown god.
  1805 | D:3      | Noticed Grinder
  1809 | D:3      | Slain by Grinder

Illustrated notes

Levels and vault maps discovered:
D:1:      dpeg_arrival_arbitrary_a, layout_basic, minmay_misc_feat_hallway,
          minmay_pentomino_v4
D:2:      layout_basic, shapermc_ecumenical_altar_acropolis,
          roderic_three_in_a_row
D:3:      layout_loops_ring, hangedman_decor_growths, uniq_grinder

Skill      XL: |  1  2 |
---------------+-------+-----
Axes           | 3 4 |  4.4
Fighting       | 4 |  4.3
Armour         | |  3.3
Dodging        | |  0.7
Shields        | |  3.3

Action                   || total
-------------------------++-------
Melee: War axe           ||    49
       Battleaxe         ||    49
  Use: Scroll            ||     1
       Potion            ||     1
Armor: Scale mail        ||    70
Dodge: Dodged            ||    60
Block: Buckler           ||     9

Table legend: (Time is in decaauts)
 A = Elapsed time spent in this place.
 B = Non-inter-level travel time spent in this place.
 C = Inter-level travel time spent in this place.
 D = Time resting spent in this place.
 E = Time spent auto-exploring this place.
 F = Levels seen in this place.
 G = Mean time per level.
                   A        B        C        D        E       F      G
               +--------+--------+--------+--------+--------+-----+--------+
         Total |   1848 |   1802 |     46 |      0 |   1487 |   3 |  616.0 |
       Dungeon |   1848 |   1802 |     46 |      0 |   1487 |   3 |  616.0 |
               +--------+--------+--------+--------+--------+-----+--------+

Top non-repeatable levels by time:
     D:2: 866 daAuts
     D:1: 855 daAuts
     D:3: 127 daAuts
